details: 'Laghack at 1min54s'

« prev index next »

General information

Mini Map

Players

team 1
OrcSoCal.Anne (yellow | 23 APM | 223 actions | 09:44)
Hero icon 1 Far Seer
Ability icon 1 Feral Spirit

» actions
Build / train13
Enter build submenu15
Enter hero's abilities submenu1
Remove unit from queue2
Right click102
Select / deselect74
Use ability16
223 total
» units
Peon8
8 total
» upgrades
Spiked Barricades1
1 total
» buildings
Orc Burrow3
Altar of Storms1
War Mill1
Watch Tower6
Stronghold1
Voodoo Lounge1
Beastiary2
Fortress1
16 total
» build order
00:12 Orc Burrow
00:16 Altar of Storms
01:02 War Mill
05:38 Watch Tower
06:01 Watch Tower
06:26 Stronghold
06:33 Voodoo Lounge
06:38 Watch Tower
06:49 Orc Burrow
06:52 Watch Tower
07:46 Watch Tower
08:10 Orc Burrow
08:13 Watch Tower
08:51 Beastiary
09:23 Fortress
09:29 Beastiary
Random» HumanGuana (orange | 96 APM | 2047 actions | 21:24)
Hero icon 5 Paladin
Ability icon 3 Devotion Aura
Ability icon 2 Holy Light
Hero icon 1 Far Seer
Ability icon 1 Chain Lighting

» actions
Assign group hotkey18
Basic commands5
Build / train61
ESC pressed1
Enter build submenu20
Enter hero's abilities submenu8
Remove unit from queue8
Right click767
Select / deselect430
Select group hotkey668
Use ability61
2047 total
» units
Peasant10
Footman4
Rifleman4
Wind Rider13
Troll Batrider3
34 total
» upgrades
Defend1
Swords2
Plating1
Long Rifles1
Gunpowder0
Envenomed Spears1
Ranged Weapons1
7 total
» buildings
Farm7
Barracks2
Altar of Kings1
Blacksmith1
Lumber Mill1
Arcane Vault1
Keep1
Orc Burrow1
Town Hall1
16 total
» build order
00:46 Farm
00:53 Barracks
01:24 Barracks
01:26 Farm
04:57 Altar of Kings
04:58 Farm
05:03 Farm
05:34 Blacksmith
05:37 Lumber Mill
05:41 Farm
05:49 Farm
06:32 Farm
06:35 Arcane Vault
07:55 Keep
10:05 Orc Burrow
10:18 Town Hall
» items
Scroll of Regeneration2
Potion of Mana1
Lesser Clarity Potion1
4 total
Random» Humanstoneybonzai (purple | 54 APM | 1174 actions | 21:47)
Hero icon 4 Archmage
Ability icon 2 Summon Water Elemental
Ability icon 2 Blizzard
Hero icon 1 Mountain King
Ability icon 1 Storm Bolt

» actions
Assign group hotkey36
Build / train66
ESC pressed1
Enter build submenu18
Enter hero's abilities submenu5
Remove unit from queue3
Right click424
Select / deselect318
Select group hotkey251
Use ability52
1174 total
» units
Peasant9
Footman12
Sorceress4
Priest4
Knight13
Dragonhawk Rider1
43 total
» upgrades
Defend1
Swords1
Plating1
Sorceress Training1
Priest Training2
Animal War Training1
7 total
» buildings
Altar of Kings1
Farm7
Barracks2
Scout Tower3
Arcane Tower1
Lumber Mill1
Blacksmith1
Keep1
Guard Tower2
Arcane Vault1
Arcane Sanctum1
Gryphon Aviary1
Castle1
23 total
» build order
00:04 Altar of Kings
00:21 Farm
00:25 Barracks
00:52 Farm
01:53 Barracks
02:21 Scout Tower
02:24 Farm
03:37 Arcane Tower
03:41 Lumber Mill
03:44 Farm
04:18 Blacksmith
04:27 Scout Tower
04:29 Farm
05:07 Keep
05:31 Guard Tower
05:44 Farm
06:23 Arcane Vault
07:04 Scout Tower
07:51 Guard Tower
07:54 Farm
08:08 Arcane Sanctum
08:12 Gryphon Aviary
09:46 Castle
» items
Scroll of Regeneration1
1 total
HumanSTUPIDIDIOT (red | 43 APM | 979 actions | 22:34)
Hero icon 4 Far Seer
Ability icon 2 Chain Lighting
Ability icon 2 Feral Spirit

» actions
Assign group hotkey77
Basic commands15
Build / train22
Enter build submenu3
Enter hero's abilities submenu4
Remove unit from queue8
Right click597
Select / deselect173
Select group hotkey42
Use ability38
979 total
» units
Peasant8
Wind Rider-6
Troll Batrider3
5 total
» upgrades
Ranged Weapons2
Armor2
Reinforced Defenses1
5 total
» buildings
Orc Burrow2
War Mill1
3 total
» build order
10:25 Orc Burrow
10:26 Orc Burrow
10:58 War Mill
team 2
Random» Human4SRTCRUSADER (green | 118 APM | 2660 actions | 22:35)
Hero icon 3 Mountain King
Ability icon 1 Thunder Clap
Ability icon 2 Storm Bolt
Hero icon 9 Archmage
Ability icon 3 Summon Water Elemental
Ability icon 3 Brilliance Aura
Ability icon 1 Mass Teleport
Ability icon 2 Blizzard

» actions
Assign group hotkey81
Basic commands346
Build / train87
ESC pressed3
Enter build submenu17
Enter hero's abilities submenu13
Remove unit from queue1
Right click699
Select / deselect496
Select group hotkey813
Use ability104
2660 total
» units
Peasant12
Footman21
Rifleman17
50 total
» upgrades
Defend1
Gunpowder3
Long Rifles1
Swords1
Plating2
Armor3
11 total
» buildings
Barracks3
Altar of Kings1
Farm10
Arcane Vault1
Blacksmith1
Keep1
Town Hall1
Castle1
19 total
» build order
00:19 Barracks
00:22 Altar of Kings
00:34 Farm
00:50 Farm
01:34 Farm
02:35 Farm
03:31 Farm
03:34 Barracks
04:07 Farm
04:27 Arcane Vault
04:29 Blacksmith
06:04 Farm
06:30 Farm
06:44 Keep
07:44 Town Hall
08:05 Barracks
08:22 Farm
08:22 Farm
16:39 Castle
» items
Scroll of Regeneration2
Scroll of Town Portal2
Lesser Clarity Potion1
Potion of Healing1
6 total
HumanCheapTricks (pink | 10 APM | 31 actions | 03:09)

» actions
Basic commands2
Enter build submenu2
Right click4
Select / deselect15
Use ability8
31 total
» buildings
Lumber Mill1
1 total
» build order
00:10 Lumber Mill
Random» HumanGENOVA (blue | 49 APM | 1110 actions | 22:34)
Hero icon 6 Archmage
Ability icon 2 Summon Water Elemental
Ability icon 3 Blizzard
Ability icon 1 Mass Teleport

» actions
Build / train87
Enter build submenu24
Enter hero's abilities submenu7
Right click690
Select / deselect226
Use ability76
1110 total
» units
Peasant10
Flying Machine42
Mortar Team12
64 total
» upgrades
Masonry1
Lumber Harvesting2
Gunpowder3
Flak Cannons1
Flying Machine Bombs1
Plating1
Fragmentation Shards1
10 total
» buildings
Altar of Kings1
Barracks1
Farm7
Lumber Mill2
Keep1
Scout Tower7
Guard Tower3
Blacksmith1
Workshop3
Castle1
27 total
» build order
00:28 Altar of Kings
00:44 Barracks
00:53 Farm
01:39 Farm
07:12 Lumber Mill
08:14 Keep
08:18 Farm
08:19 Farm
08:21 Farm
09:17 Scout Tower
09:18 Scout Tower
09:20 Scout Tower
09:23 Scout Tower
09:24 Scout Tower
09:26 Scout Tower
09:30 Scout Tower
09:59 Guard Tower
10:02 Guard Tower
10:12 Guard Tower
10:17 Blacksmith
10:43 Farm
10:44 Farm
10:49 Workshop
11:54 Castle
12:22 Workshop
12:55 Workshop
14:48 Lumber Mill
HumanWhatUCan (teal | 25 APM | 556 actions | 22:34)
Hero icon 4 Archmage
Ability icon 2 Summon Water Elemental
Ability icon 2 Brilliance Aura

» actions
Basic commands5
Build / train64
Enter build submenu21
Enter hero's abilities submenu4
Right click257
Select / deselect168
Use ability37
556 total
» units
Peasant27
Footman16
Mortar Team5
Rifleman4
52 total
» upgrades
Gunpowder1
Plating1
2 total
» buildings
Altar of Kings2
Farm7
Barracks2
Town Hall4
Keep4
Blacksmith1
Lumber Mill1
Workshop2
Castle1
24 total
» build order
00:07 Altar of Kings
00:17 Farm
00:26 Barracks
00:36 Farm
04:03 Barracks
04:15 Farm
04:20 Farm
05:13 Town Hall
05:31 Farm
05:38 Farm
06:43 Farm
07:01 Keep
08:14 Blacksmith
08:30 Lumber Mill
09:57 Workshop
10:04 Workshop
10:21 Town Hall
11:53 Castle
14:26 Keep
15:02 Town Hall
15:30 Keep
16:25 Altar of Kings
17:18 Town Hall
19:55 Keep

Chat log

(00:17 / Allies) GENOVA: units?
(00:26 / All) SoCal.Anne: red wtf
(00:27 / Allies) 4SRTCRUSADER: rifle casters
(00:30 / All) GENOVA: lmao
(00:35 / All) GENOVA: gg gl next game
(00:54 / Allies) WhatUCan: so we just ive up?
(01:01 / Allies) GENOVA: no i mean
(01:02 / Allies) 4SRTCRUSADER: i think
(01:05 / Allies) GENOVA: i thought they had tker
(01:05 / Allies) WhatUCan: we still have 3 humans
(01:06 / Allies) 4SRTCRUSADER: red is stabbign on their team too
(01:10 / Allies) 4SRTCRUSADER: we can win 3v4
(01:12 / Allies) GENOVA: yeah i know
(01:12 / Allies) WhatUCan: i mean we can fuck em up
(01:15 / Allies) GENOVA: yeah
(01:17 / Allies) GENOVA: rush or cc?
(01:27 / Allies) WhatUCan: im dtf
(01:31 / Allies) WhatUCan: rush
(01:36 / Allies) 4SRTCRUSADER: lul
(01:38 / Allies) 4SRTCRUSADER: we can rush i guess
(01:43 / Allies) GENOVA: dtf? loll
(01:47 / Allies) WhatUCan: lol
(01:49 / Allies) WhatUCan: dtr?
(01:55 / Allies) 4SRTCRUSADER: if youre dtf so am i
(02:04 / All) 4SRTCRUSADER: drophack?
(02:12 / All) 4SRTCRUSADER: guess not
(02:12 / All) SoCal.Anne: wt
(02:22 / All) 4SRTCRUSADER: or it is i guess
(02:25 / All) 4SRTCRUSADER: pink is doing funky things
(02:43 / Allies) 4SRTCRUSADER: cmon pink make 43srt gret again
(03:01 / All) WhatUCan: fuck this stupid hack
(03:04 / All) WhatUCan: reallly ock sucker?!!!!
(03:05 / All) 4SRTCRUSADER: its pink
(03:12 / All) 4SRTCRUSADER: see hes gone now
(03:17 / All) SoCal.Anne: jesus let me play
(03:18 / All) 4SRTCRUSADER: he kept spam sharing control with me
(03:42 / All) SoCal.Anne: stop!
(03:49 / All) 4SRTCRUSADER: are you still lagging?
(03:57 / All) stoneybonzai: nope not at all
(04:38 / All) 4SRTCRUSADER: well we got a stabber here so its 3v3
(04:45 / All) 4SRTCRUSADER: well stabber.. pink left
(04:58 / All) WhatUCan: he didnt even share resources
(05:15 / All) SoCal.Anne: wtf
(05:18 / All) SoCal.Anne: drop hack me alrerady
(05:20 / All) SoCal.Anne: mofo
(05:24 / All) SoCal.Anne: fail !!!
(05:26 / All) SoCal.Anne: no
(05:47 / All) SoCal.Anne: my fs looks like its fucking
(05:50 / All) SoCal.Anne: Wow
(05:51 / All) 4SRTCRUSADER: guess reds a laghacker too
(05:54 / All) SoCal.Anne: or im just pervert
(05:56 / All) 4SRTCRUSADER: i killed your fs already
(06:00 / Allies) GENOVA: hi
(06:02 / Allies) GENOVA: sup
(06:04 / Allies) GENOVA: i swear
(06:06 / Allies) GENOVA: i got drop hacked
(06:06 / Allies) GENOVA: wtf
(06:09 / All) GENOVA: he
(06:11 / All) GENOVA: yo
(06:13 / All) WhatUCan: sorry i think someone was comming onto me while the lag was happening
(06:15 / All) SoCal.Anne: that lag
(06:15 / Allies) 4SRTCRUSADER: pink was trying to lag us
(06:21 / All) WhatUCan: Yes alll the dick everywhere
(06:33 / All) WhatUCan: sept i go into your butt
(06:43 / All) SoCal.Anne: yea it was bleeding
(06:52 / All) GENOVA: yo wtf
(06:54 / All) GENOVA: im getting lagged
(06:56 / All) GENOVA: Like crazy
(06:57 / All) GENOVA: wtf is this
(06:59 / Allies) 4SRTCRUSADER: still?
(07:00 / All) GENOVA: report
(07:01 / All) SoCal.Anne: hahaha
(07:01 / All) GENOVA: for sure
(07:03 / All) GENOVA: yeah
(07:09 / Allies) 4SRTCRUSADER: i was lagging hard
(07:13 / Allies) 4SRTCRUSADER: but when pink left it was ok
(07:14 / All) SoCal.Anne: lol teal
(07:17 / All) GENOVA: exacrly
(07:19 / All) GENOVA: what a piece of shit
(07:28 / All) WhatUCan: god damnit oj
(07:51 / All) GENOVA: die noob
(07:57 / Allies) 4SRTCRUSADER: i hve 0 lag so you can feed if you want
(08:00 / Allies) GENOVA: keep pumpin
(08:03 / Allies) GENOVA: yeah im good now
(08:24 / Allies) GENOVA: so who was hacking
(08:25 / Allies) GENOVA: either purple
(08:26 / Allies) GENOVA: or red
(08:27 / Allies) 4SRTCRUSADER: pink
(08:28 / Allies) 4SRTCRUSADER: prob red too
(08:31 / Allies) GENOVA: pink?
(08:32 / Allies) GENOVA: kk
(08:36 / Allies) 4SRTCRUSADER: pink was sharing control like 50x in a second
(08:37 / Allies) GENOVA: i submitted a report just now
(08:46 / Allies) 4SRTCRUSADER: then lag started
(08:59 / All) SoCal.Anne: whats stannd off means?
(09:02 / All) SoCal.Anne: reds asking
(09:44 / Allies) 4SRTCRUSADER: internets can handle some text spam nowadays
(09:45 / All) GENOVA: shut up red
(09:46 / All) WhatUCan: its an old fasion
(09:48 / All) GENOVA: u hacking POS
(09:48 / All) stoneybonzai: wow
(10:20 / Allies) 4SRTCRUSADER: hit purp again soon
(10:24 / Allies) 4SRTCRUSADER: since teal is hitting bottom
(11:04 / All) GENOVA: GG leave clown
(11:12 / All) GENOVA: already submitted report
(11:15 / All) GENOVA: prepare to be banned
(11:28 / All) STUPIDIDIOT: who are you talking to
(11:31 / Allies) GENOVA: u
(11:33 / All) GENOVA: u or pink
(11:59 / All) STUPIDIDIOT: noob
(12:02 / Allies) GENOVA: mass rifleman
(12:03 / Allies) GENOVA: b
(12:04 / Allies) 4SRTCRUSADER: ya
(12:23 / Allies) 4SRTCRUSADER: they might hit
(12:30 / Allies) GENOVA: send me gold
(12:32 / Allies) GENOVA: i mean wood
(12:33 / Allies) GENOVA: for coepts
(12:45 / Allies) 4SRTCRUSADER: nah theyll just make bats
(12:48 / Allies) 4SRTCRUSADER: just go rifles
(12:55 / Allies) 4SRTCRUSADER: its 3v2 at this point we got this
(13:29 / Allies) GENOVA: one more time for wood
(13:32 / Allies) 4SRTCRUSADER: tp out
(13:36 / Allies) 4SRTCRUSADER: to your base
(13:43 / Allies) 4SRTCRUSADER: defend
(13:59 / Allies) GENOVA: teal send me wood back
(14:03 / Allies) GENOVA: idk what ur doing
(14:28 / Allies) GENOVA: send me wood
(15:07 / Allies) GENOVA: i can rape his air
(15:23 / Allies) GENOVA: send some gold
(15:43 / Allies) GENOVA: just a few gold plz

(16:46 / Allies) WhatUCan: who needs gold
(16:58 / Allies) 4SRTCRUSADER: me
(17:08 / Allies) 4SRTCRUSADER: ty
(17:12 / All) GENOVA: DAS IT AMNE
(17:17 / Allies) GENOVA: me
(17:18 / Allies) GENOVA: i need gold
(17:19 / All) STUPIDIDIOT: no gold to buy shit
(17:33 / All) GENOVA: leave kid
(17:35 / All) GENOVA: aka hacker
(17:42 / All) STUPIDIDIOT: lawl you're a dumb noob
(17:47 / All) 4SRTCRUSADER: the hacker was pink so
(17:49 / All) GENOVA: keep hackin
(17:50 / All) 4SRTCRUSADER: prob red too
(17:58 / All) STUPIDIDIOT: legit hack makes everyone have more delay, stupid fuck
(18:20 / All) STUPIDIDIOT: lag* not hack
(18:27 / Allies) GENOVA: regardless u hacked kid
(18:33 / All) WhatUCan: stfu you dont wanna make MAGA
(18:44 / All) WhatUCan: die in a pool of shit
(19:00 / All) GENOVA: REKT
(19:08 / All) stoneybonzai: u guys r horrible
(19:11 / All) GENOVA: REKT
(19:14 / All) GENOVA: GET REKT
(19:18 / All) WhatUCan: so bad
(19:29 / All) WhatUCan: at least were not red
(19:32 / All) stoneybonzai: u mean u gutys right?
(19:34 / All) GENOVA: Lmaooo
(19:36 / All) GENOVA: i know
(19:37 / All) WhatUCan: his life has got to be so bad
(19:49 / All) GENOVA: who hacks a 14 year old game
(19:51 / All) GENOVA: no life
(20:07 / All) GENOVA: more towers plz
(20:24 / All) STUPIDIDIOT: lawl you're talking shit cuz you won 3v4
(20:25 / All) GENOVA: GG ez
(20:28 / All) STUPIDIDIOT: and I can't even buy items
(20:30 / All) GENOVA: GG ezzzzz
(20:38 / All) 4SRTCRUSADER: it was a 3v3 tbh
(20:40 / All) STUPIDIDIOT: this is why you're 533-580
(20:42 / All) GENOVA: GG
(20:44 / All) GENOVA: EZZZZ
(20:48 / All) stoneybonzai: its 2v3
(20:49 / All) GENOVA: says
(20:51 / All) GENOVA: 5-21
(20:53 / All) GENOVA: ROFLMAO
(20:55 / All) GENOVA: ROLFMAOROFLMAO
(21:07 / All) GENOVA: GET REKT KID
(21:16 / All) STUPIDIDIOT: you're dumb as fuck
(21:16 / All) stoneybonzai: hey guys!
(21:20 / All) GENOVA: MMM FEED
(21:25 / All) STUPIDIDIOT: I didn't even gather resources with my own shit
(21:28 / All) GENOVA: RUN KID
(21:37 / All) GENOVA: GET REKT
(21:42 / All) GENOVA: GJ SQUAD
(21:43 / All) stoneybonzai: u guys suck
(21:46 / All) GENOVA: lel
(21:47 / All) GENOVA: kek
(21:57 / All) 4SRTCRUSADER: what if i enjoy the d
(21:58 / All) 4SRTCRUSADER: is it that bad
(22:01 / All) WhatUCan: not as hard as your dumb ass
(22:05 / All) GENOVA: ROFLMAO BURNNN
(22:07 / All) WhatUCan: KEK DAMN YOU
(22:22 / All) GENOVA: CHAMP IS HERE
(22:30 / All) STUPIDIDIOT: ain't you